 Dungeon Crawl Stone Soup version 0.28.0-43-g3370ac3207 (webtiles) character file.

Game seed: 169994636108306551

1365 RascalDebosk the Destroyer (level 8, -5/61 HPs)
             Began as a Tengu Conjurer on Mar 21, 2022.
             Was a Follower of Sif Muna.
             Slain by an orc warrior
             ... wielding a +0 mace
              (11 damage)
             ... on level 5 of the Dungeon on Mar 23, 2022.
             The game lasted 01:18:58 (7007 turns).

RascalDebosk the Destroyer (Tengu Conjurer)         Turns: 7007, Time: 01:18:58

Health: -5/61      AC: 24    Str:  8    XL:     8   Next: 65%
Magic:  4/16       EV:  2    Int: 27    God:    Sif Muna [*.....]
Gold:   215        SH:  0    Dex: 12    Spells: 3/17 levels left

rFire   . . .      SeeInvis .   c - +2 dagger (venom)
rCold   . . .      Faith    .   (no shield)
rNeg    . . .      Spirit   .   (armour currently unavailable)
rPois   +          Reflect  .   (helmet currently unavailable)
rElec   .          Harm     .   (cloak currently unavailable)
rCorr   .          Rampage  .   (gloves currently unavailable)
Will    .....      NoTele   +   (boots unavailable)
Stlth   ++........              (no amulet)
HPRegen 0.20/turn               s - +6 ring of intelligence
MPRegen 0.15/turn               (no ring)

@: tree-form, very slightly contaminated
A: stationary, stasis, torment immunity, boosted hp, (beak), (talons 3), nimble
flight
a: Renounce Religion, Channel Magic


You were on level 5 of the Dungeon.
You worshipped Sif Muna.
Sif Muna was aware of your devotion.
You were a tree.
You visited 2 branches of the dungeon, and saw 7 of its levels.

You collected 215 gold pieces.

Inventory:

Hand Weapons
 c - a +2 dagger of venom (weapon)
 m - a +0 hand axe of venom
 x - a +1 dagger of pain
Missiles
 n - 8 poisoned darts
 p - 95 stones
Armour
 a - a +0 robe
 b - a +0 leather armour (melded)
 i - a +0 cloak (melded)
 l - +0 fire dragon scales
 y - a +1 pair of gloves (melded)
Magical Staves
 d - a staff of fire
Jewellery
 s - a +6 ring of intelligence (left branch)
Wands
 q - a wand of polymorph (8)
Scrolls
 f - a scroll of fog {unknown}
 g - 5 scrolls of teleportation
 k - a scroll of noise
 v - 3 scrolls of amnesia
Potions
 e - 3 potions of degeneration
 j - a potion of might {unknown}
 o - a potion of mutation {unknown}
 u - a potion of attraction {unknown}
 w - 6 potions of lignification


   Skills:
 + Level 6.0 Dodging
 - Level 2.0 Stealth
 + Level 5.0 Spellcasting
 + Level 8.6 Conjurations
 + Level 3.6 Hexes


You had 3 spell levels left.
You knew the following spells:

 Your Spells              Type           Power      Damage    Failure   Level
a - Magic Dart            Conj           100%       1d8       1%          1
b - Searing Ray           Conj           100%       2d8       1%          2
c - Fulminant Prism       Conj/Hex       20%        3d13      5%          4
d - Dazzling Flash        Conj/Hex       80%        N/A       1%          3
e - Iskenderun's Mystic   Conj/Tloc      30%        2d8       12%         4

Your spell library contained the following spells:

 Spells                   Type           Power      Damage    Failure   Level
 Portal Projectile        Hex/Tloc       32%        N/A       10%         3
 Sublimation of Blood     Necr           6%         N/A       11%         2
 Wereblood                Tmut           6%         N/A       11%         2
 Call Canine Familiar     Summ           6%         N/A       22%         3
 Leda's Liquefaction      Hex/Erth       8%         N/A       32%         4
 Summon Hydra             Summ           3%         N/A       100%        7


Dungeon Overview and Level Annotations

Branches:
Dungeon (6/15)             Temple (1/1) D:4

Altars:
Ashenzari
Dithmenos
Elyvilon
Fedhas
Gozag
Hepliaklqana
Kikubaaqudgha
Makhleb
Nemelex Xobeh
Okawaru
Qazlal
Ru
Sif Muna
Trog
Uskayaw
Vehumet
Wu Jian
Xom
Yredelemnul
Zin
The Shining One


Innate Abilities, Weirdness & Mutations

You are a tree.
Your roots penetrate the ground, keeping you stationary.
You cannot be teleported.
You are immune to unholy pain and torment.
Your maximum health is greatly increased.
Your equipment is partially melded.
((You have a beak for a mouth.))
((You have claws for feet.))
Your magical nature lets you fly swiftly and evasively.


Message History

The orc warrior hits you with a +0 mace!
* * * LOW HITPOINT WARNING * * *
The hound bites you but does no damage.
You fly upwards.
There is a stone staircase leading down here.
You turn into a tree.
Your +0 cloak melds into your body.
Your +1 pair of gloves melds into your body.
Your +0 leather armour melds into your body.
Your roots penetrate the ground.
The orc warrior hits you but does no damage.
The hound bites you but does no damage.
You hit the orc warrior but do no damage.
The orc warrior is poisoned.
The orc warrior is heavily wounded.
The hound bites you but does no damage.
The orc warrior hits you but does no damage.
The hound bites you but does no damage.
You hit the orc warrior but do no damage.
The orc warrior looks even sicker.
The orc warrior is heavily wounded.
The orc warrior hits you but does no damage.
The hound bites you but does no damage.
You hit the orc warrior but do no damage.
The orc warrior looks as sick as possible!
The orc warrior is heavily wounded.
The hound bites you but does no damage.
The orc warrior hits you with a +0 mace!
* * * LOW HITPOINT WARNING * * *
The hound bites you but does no damage.
You hit the orc warrior but do no damage.
The orc warrior looks as sick as possible!
The orc warrior is severely wounded.
The orc warrior hits you but does no damage.
The hound bites you but does no damage.
You hit the orc warrior but do no damage.
The orc warrior looks as sick as possible!
The orc warrior is severely wounded.
The hound bites you but does no damage.
The orc warrior hits you with a +0 mace!
You die...

##########
################........#
#<...............######.#
#######################.###
#♣o...............
#h##.#############
####.##.# #.....#.#
#.....#.# #.....#.#
#.....#.# #.....#.#
#.....#.###########


You could see an orc warrior (extremely poisoned) and a hound (poisoned).

Vanquished Creatures
  A steam dragon (D:6)
  A necrophage (D:4)
  2 phantoms
  4 scorpions
  A water moccasin skeleton (D:5)
  A water moccasin zombie (D:5)
  A bullfrog zombie (D:6)
  A hound (D:4)
  A gnoll shaman (D:5)
  4 orc priests (D:6)
  A centaur skeleton (D:4)
  Natasha (thrice) (D:4)
  2 iguanas
  2 orc wizards (D:6)
  2 hound skeletons (D:4)
  3 gnolls (D:5)
  5 adders
  An ufetubus (D:5)
  2 dart slugs
  2 worms (D:5)
  The ghost of Icepheonix32 the Sneak, a weakling SpDe (D:3)
  18 orcs
  An endoplasm (D:4)
  3 giant cockroaches
  13 goblins
  8 hobgoblins
  6 jackals
  A quokka (D:2)
  A ball python (D:3)
  6 bats (D:3)
  3 frilled lizards
  5 kobolds
  A rat (D:3)
  A spectral hobgoblin (D:2)
  A fulminant prism (D:6)
109 creatures vanquished.

Vanquished Creatures (collateral kills)
  A centaur skeleton (D:5)
1 creature vanquished.

Vanquished Creatures (others)
  12 fulminant prisms
12 creatures vanquished.

Grand Total: 122 creatures vanquished

Notes
Turn   | Place    | Note
-------+----------+-------------------------------------------
     0 | D:1      | RascalDebosk the Tengu Conjurer began the quest for the
                  | Orb.
     0 | D:1      | Reached XP level 1. HP: 10/10 MP: 4/4
   158 | D:1      | Reached XP level 2. HP: 15/15 MP: 1/6
   614 | D:2      | Learned a level 2 spell: Searing Ray
   669 | D:2      | Reached XP level 3. HP: 19/19 MP: 2/7
   718 | D:2      | Found a faded altar of an unknown god.
  1020 | D:2      | Noticed a scorpion
  1025 | D:2      | Killed a scorpion
  1026 | D:2      | Reached skill level 6 in Conjurations
  1026 | D:2      | Reached skill level 1 in Hexes
  1026 | D:2      | Reached XP level 4. HP: 17/24 MP: 1/9
  1817 | D:3      | Noticed a scorpion
  1827 | D:3      | Killed a scorpion
  1828 | D:3      | Gained mutation: Your magical nature lets you fly swiftly
                  | and evasively. [Tengu growth]
  1828 | D:3      | Reached XP level 5. HP: 15/28 MP: 1/10
  2334 | D:3      | Noticed Icepheonix32's ghost (weakling SpDe)
  2336 | D:3      | Found a runed translucent gate.
  2337 | D:3      | Found a runed translucent gate.
  2337 | D:3      | Found a runed translucent gate.
  2413 | D:3      | Killed Icepheonix32's ghost
  2418 | D:3      | Reached XP level 6. HP: 2/32 MP: 2/11
  2418 | D:3      | HP: 1/32 [poisoned by a scorpion]
  2948 | D:4      | Learned a level 4 spell: Fulminant Prism
  2952 | D:4      | Learned a level 3 spell: Dazzling Flash
  3088 | D:4      | Noticed Natasha
  3094 | D:4      | Killed Natasha
  3747 | D:4      | Noticed a necrophage
  3752 | D:4      | Killed a necrophage
  3753 | D:4      | Reached skill level 7 in Conjurations
  3753 | D:4      | Reached XP level 7. HP: 36/36 MP: 2/13
  3912 | D:4      | Noticed Natasha
  3917 | D:4      | Killed Natasha
  4026 | D:4      | Found a staircase to the Ecumenical Temple.
  4075 | Temple   | Entered the Ecumenical Temple
  4328 | Temple   | Became a worshipper of Sif Muna the Loreminder
  4651 | D:4      | Noticed Natasha
  4661 | D:4      | Killed Natasha
  4957 | D:5      | Entered Level 5 of the Dungeon
  5115 | D:5      | Reached skill level 5 in Dodging
  5327 | D:5      | Learned a level 4 spell: Iskenderun's Mystic Blast
  5729 | D:5      | Reached XP level 8. HP: 41/41 MP: 7/15
  5802 | D:5      | Reached * piety under Sif Muna
  6199 | D:6      | Reached skill level 8 in Conjurations
  6888 | D:6      | Reached skill level 5 in Spellcasting
  7007 | D:5      | Slain by an orc warrior

Illustrated notes

Levels and vault maps discovered:
D:1:      minmay_arrival_wavy_path, layout_rooms
D:2:      layout_loops_ring, dreamdust_ecumenical_altar_drowned_temple,
          st_stairs_5
D:3:      layout_basic, gammafunk_ghost_split
D:4:      cheibrodos_greedy_goblins, layout_basic,
          minmay_temple_entry_glassed_door, uniq_natasha
D:5:      layout_basic, cheibrodos_sewer_entry_bend
D:6:      layout_rooms
Temple:   mainiacjoe_temple_hex_bubbles

Skill      XL: |  1  2  3  4  5  6  7  8 |
---------------+-------------------------+-----
Dodging        | 3 4 5 6 |  6.0
Conjurations   | 6 7 8 |  8.6
Hexes          | 1 2 3 |  3.6
Spellcasting   | 3 4 5 |  5.0
Stealth        | |  2.0

Action                   |  1- 3 |  4- 6 |  7- 9 || total
-------------------------+-------+-------+-------++-------
Melee: Hand axe          |       |    29 |       ||    29
       Peck              |       |     7 |     1 ||     8
       Kick              |       |     9 |     5 ||    14
       Punch             |       |     1 |       ||     1
       Dagger            |       |       |    17 ||    17
 Cast: Magic Dart        |    23 |    28 |    48 ||    99
       Searing Ray       |     5 |    21 |    27 ||    53
       Fulminant Prism   |       |     1 |    12 ||    13
       Iskenderun's Myst |       |       |     3 ||     3
  Use: Scroll            |       |       |    12 ||    12
       Potion            |       |       |     1 ||     1
 Stab: Sleeping          |       |     1 |       ||     1
Armor: Robe              |       |     9 |     1 ||    10
       Skin              |       |       |    12 ||    12
       Leather armour    |       |       |     9 ||     9
Dodge: Dodged            |     3 |    58 |    25 ||    86
